 Dungeon Crawl Stone Soup version 0.28.0-1-gb440e238dd (webtiles) character file.

Game seed: 10227263332611648367

3100 Kaptain the Digger (level 9, -4/55 HPs)
             Began as a Gargoyle Earth Elementalist on Feb 27, 2022.
             Slain by Joseph (16 damage)
             ... on level 7 of the Dungeon.
             The game lasted 00:20:31 (8985 turns).

Kaptain the Digger (Gargoyle Earth Elementalist)    Turns: 8985, Time: 00:20:32

Health: -4/55      AC: 11    Str: 12    XL:     9   Next: 90%
Magic:  10/17      EV: 16    Int: 20    God:
Gold:   240        SH:  0    Dex: 10    Spells: 15/19 levels left

rFire   . . .      SeeInvis +   m - +3 mace (venom)
rCold   . . .      Faith    .   (no shield)
rNeg    + . .      Spirit   .   D - +0 leather armour
rPois   ∞          Reflect  .   (no helmet)
rElec   +          Harm     .   (no cloak)
rCorr   .          Rampage  .   (no gloves)
Will    .....                   s - +0 pair of boots
Stlth   ++........              (no amulet)
HPRegen 0.18/turn               f - +4 ring of evasion
MPRegen 0.15/turn               o - ring of see invisible

@: no status effects
A: sickness immunity, AC +6, negative energy resistance 1, electricity
resistance, torment resistance 1, petrification resistance
a: no special abilities


You were on level 7 of the Dungeon.
You visited 1 branch of the dungeon, and saw 7 of its levels.
You also visited: Ossuary.

You collected 363 gold pieces.
You spent 123 gold pieces at shops.

Inventory:

Hand Weapons
 a - a +0 spear of venom
 d - a +1 dagger of protection
 m - a +3 mace of venom (weapon)
 B - a +0 trident
 E - a +3 short sword
Missiles
 e - 64 sling bullets
 C - 139 stones
 F - 2 poisoned darts
 I - 3 throwing nets
Armour
 s - a +0 pair of boots (worn)
 D - a +0 leather armour (worn)
Jewellery
 b - a ring of willpower
 f - a +4 ring of evasion (left hand)
 i - a ring of positive energy
 o - a ring of see invisible (right hand)
 G - a ring of flight
Wands
 y - a wand of polymorph (7)
 J - a wand of iceblast (11)
Scrolls
 j - 3 scrolls of teleportation
 l - 2 scrolls of vulnerability
 q - a scroll of magic mapping
 u - a scroll of immolation
 w - 2 scrolls of summoning
 A - 2 scrolls of fear
Potions
 c - 2 potions of brilliance
 g - a potion of cancellation {unknown}
 h - a potion of haste
 k - a potion of curing
 n - 3 potions of ambrosia
 p - 3 potions of flight
 r - a potion of magic {unknown}
 t - a potion of might {unknown}
 x - a potion of mutation {unknown}
 z - 2 potions of heal wounds
 H - a potion of attraction {unknown}


   Skills:
 * Level 6.0 Fighting
 + Level 4.3 Armour
 + Level 3.7 Dodging
 + Level 5.1 Stealth
 * Level 5.6 Spellcasting
 * Level 6.1 Conjurations
 - Level 0.7 Transmutations
 * Level 7.8 Earth Magic


You had 15 spell levels left.
You knew the following spells:

 Your Spells              Type           Power      Damage    Failure   Level
a - Sandblast             Erth           74%        2d16      1%          1
b - Stone Arrow           Conj/Erth      66%        3d11      2%          3

Your spell library contained the following spells:

 Spells                   Type           Power      Damage    Failure   Level
 Passwall                 Tmut/Erth      18%        N/A       3%          2
 Animate Skeleton         Necr           10%        N/A       14%         1
 Pain                     Necr           20%        1d5       14%         1
 Mephitic Cloud           Conj/Pois/Air  13%        N/A       19%         3
 Petrify                  Tmut/Erth      22%        N/A       24%         4
 Ignite Poison            Fire/Tmut/Pois 6%         N/A       36%         3
 Gell's Gravitas          Tloc           5%         N/A       38%         3
 Lesser Beckoning         Tloc           5%         N/A       38%         3
 Portal Projectile        Hex/Tloc       10%        N/A       38%         3
 Teleport Other           Tloc           5%         N/A       38%         3
 Vampiric Draining        Necr           5%         2d6       38%         3
 Freezing Cloud           Conj/Ice/Air   6%         6-21      86%         5
 Blade Hands              Tmut           4%         N/A       96%         5
 Excruciating Wounds      Necr           2%         N/A       98%         5


Dungeon Overview and Level Annotations

Branches:
Dungeon (7/15)             Temple (0/1) D:4         Ossuary (visited)

Altars:
Ashenzari
Elyvilon
Fedhas
Gozag
Nemelex Xobeh
Sif Muna
Wu Jian
Xom
Yredelemnul

Shops:
D:2 !   D:4 !

Annotations:
D:7 Joseph


Innate Abilities, Weirdness & Mutations

You are immune to sickness and miasma.
Your stone body is resilient. (AC +6)
You are immune to poison.
You resist negative energy. (rN+)
You are resistant to electric shocks. (rElec)
You are resistant to unholy torment.
You are immune to petrification.


Message History

You hit Joseph.
Joseph is poisoned.
Joseph is lightly wounded.
The sky beast flickers out of sight for a moment.
Joseph completely misses you.
You closely miss Joseph.
Joseph is lightly wounded.
Joseph says, "The best offense is a good offense."
Joseph barely misses you.
Joseph says, "I'm here to kill trespassers.
I like my job."
Joseph misses you.
You thump Joseph!
Joseph looks as sick as possible!
Joseph is moderately wounded.
The wyvern skeleton is no longer covered in acid.
Joseph closely misses you.
You feel better. Joseph misses you.
You sock Joseph!
Joseph is heavily wounded.
Joseph is no longer covered in acid.
Joseph closely misses you.
Unknown command.
You barely miss Joseph.
Joseph is severely wounded.
Joseph completely misses you. Joseph barely misses you.
You hit Joseph.
Joseph is severely wounded.
Joseph hits you with a +0 quarterstaff.
* * * LOW HITPOINT WARNING * * *
The sky beast flickers out of sight for a moment.
You sock Joseph!
Joseph is almost dead.
Joseph closely misses you. Joseph hits you with a +0 quarterstaff!
* * * LOW HITPOINT WARNING * * *
You hit Joseph.
Joseph is almost dead.
Joseph closely misses you.
Unknown command.
You feel better. Joseph completely misses you.
You closely miss Joseph.
Joseph is almost dead.
Joseph hits you with a +0 quarterstaff!
You die...

....).............
......Y.........<.
...@..o.................
#.#'##.................
##.#...................#
.........#Z............#
.#.......#Y##.....#....####
#.......#@##....##........
##.......#@##....# #.......
.................###.......
............................
..................^..........
.............................
.............#...............
............##..............
.##..........................
.............................


You could see Joseph (very poisoned), a sky beast (invisible) and a wyvern
skeleton.

Vanquished Creatures
  Harold (D:7)
  A hornet (D:7)
  Grinder (D:3)
  A wyvern (D:7)
  A steam dragon (D:7)
  A black bear (D:3)
  A necrophage (D:5)
  An orc warrior (D:7)
  A phantom (D:6)
  3 centaurs
  2 scorpions
  2 howler monkeys (D:5)
  2 bullfrog zombies
  4 centaur zombies (Ossuary)
  6 hounds
  2 human zombies (Ossuary)
  2 iguanas (D:4)
  Natasha (twice) (D:2)
  An orc wizard (D:7)
  Terence (D:2)
  A killer bee zombie (D:6)
  An ogre zombie (Ossuary)
  A hound skeleton (D:5)
  7 mummies (Ossuary)
  Robin (D:2)
  9 adders
  9 gnolls
  A shadow imp (D:7)
  2 ufetubi
  An adder skeleton (D:4)
  4 adder zombies (Ossuary)
  A worm (D:3)
  4 dart slugs
  11 orcs
  7 endoplasms
  4 giant cockroaches
  8 hobgoblins
  4 jackals (D:3)
  3 kobolds
  4 quokkas
  4 ball pythons
  7 bats
  3 frilled lizards
  A gnoll zombie (Ossuary)
  14 goblins
  6 goblin zombies (Ossuary)
  4 hobgoblin zombies (Ossuary)
  4 kobold zombies (Ossuary)
  A quokka zombie (Ossuary)
  4 rats
  3 rat zombies (Ossuary)
170 creatures vanquished.

Notes
Turn   | Place    | Note
-------+----------+-------------------------------------------
     0 | D:1      | Kaptain the Gargoyle Earth Elementalist began the quest for
                  | the Orb.
     0 | D:1      | Reached XP level 1. HP: 10/10 MP: 3/3
   192 | D:1      | Reached XP level 2. HP: 11/16 MP: 5/5
   476 | D:1      | Reached skill level 1 in Conjurations
   661 | D:2      | Reached skill level 1 in Fighting
   675 | D:2      | Found a shimmering altar of Xom.
   684 | D:2      | Reached XP level 3. HP: 20/20 MP: 4/6
   779 | D:2      | Found Gehuigga's Distillery.
   783 | D:2      | Noticed Robin
   793 | D:2      | Reached skill level 4 in Earth Magic
  1152 | D:2      | Reached XP level 4. HP: 25/25 MP: 3/7
  1217 | D:2      | Found a faded altar of an unknown god.
  1225 | D:2      | Reached skill level 1 in Armour
  1323 | D:2      | Bought a potion of curing for 39 gold pieces
  1436 | D:2      | Killed Robin
  1438 | D:2      | Reached XP level 5. HP: 30/30 MP: 0/8
  1762 | D:2      | Noticed Terence
  1795 | D:2      | Learned a level 3 spell: Stone Arrow
  1995 | D:2      | Killed Terence
  2387 | D:2      | Noticed Natasha
  2396 | D:2      | Killed Natasha
  2530 | D:2      | Noticed Natasha
  2536 | D:2      | Killed Natasha
  2762 | D:3      | Noticed Grinder
  2765 | D:3      | Reached XP level 6. HP: 33/35 MP: 7/10
  2774 | D:3      | Killed Grinder
  2775 | D:3      | Reached skill level 5 in Earth Magic
  2943 | D:3      | Noticed a black bear
  2952 | D:3      | Killed a black bear
  2953 | D:3      | Reached XP level 7. HP: 41/41 MP: 0/12
  3068 | D:3      | Found a broken altar of Ashenzari.
  3068 | D:3      | Found an opulent altar of Gozag.
  3384 | D:4      | Found a staircase to the Ecumenical Temple.
  3416 | D:4      | Found Azxaot's Distillery.
  3424 | D:4      | Found a sand-covered staircase.
  3429 | Ossuary  | Entered an ossuary
  4809 | Ossuary  | Reached XP level 8. HP: 48/48 MP: 6/13
  5173 | D:4      | Reached skill level 6 in Earth Magic
  5739 | D:4      | Bought a potion of heal wounds for 70 gold pieces
  5739 | D:4      | Bought a potion of degeneration for 14 gold pieces
  6150 | D:5      | Entered Level 5 of the Dungeon
  6951 | D:5      | Found a blossoming altar of Fedhas.
  7629 | D:6      | Reached XP level 9. HP: 53/53 MP: 13/16
  7692 | D:6      | Reached skill level 5 in Fighting
  7692 | D:6      | Reached skill level 5 in Conjurations
  8081 | D:6      | Reached skill level 7 in Earth Magic
  8141 | D:6      | Found an ornate altar of the Wu Jian Council.
  8143 | D:6      | Found a sparkling altar of Nemelex Xobeh.
  8165 | D:6      | Found a basalt altar of Yredelemnul.
  8166 | D:6      | Found a shimmering blue altar of Sif Muna.
  8166 | D:6      | Found a white marble altar of Elyvilon.
  8685 | D:7      | Noticed Harold
  8702 | D:7      | Noticed a hornet
  8717 | D:7      | Killed a hornet
  8718 | D:7      | Reached skill level 5 in Spellcasting
  8720 | D:7      | Killed Harold
  8950 | D:7      | Noticed Joseph
  8952 | D:7      | Reached skill level 5 in Stealth
  8982 | D:7      | HP: 2/55 [Joseph (14)]
  8985 | D:7      | Slain by Joseph

Illustrated notes

Levels and vault maps discovered:
D:1:      minmay_arrival_up_and_down, layout_basic
D:2:      layout_basic, serial_shops, shop,
          dreamdust_ecumenical_altar_hidden_monk_grotto, basic_altar,
          minmay_pentomino_s2, uniq_terence, uniq_robin, uniq_natasha
D:3:      layout_rooms, gammafunk_temple_overflow_elements, uniq_grinder
D:4:      layout_basic, minmay_temple_entry_glassed_door,
          nicolae_ossuary_entry_false_entrances, serial_shops,
          nicolae_lakefront_shop, nicolae_figureground_sparkle
D:5:      layout_loops_corners, amcnicky_altar_gilded
D:6:      layout_gridville, grunt_temple_overflow_open
D:7:      layout_basic, hangedman_glass_teeth, uniq_joseph, uniq_harold

Skill      XL: |  1  2  3  4  5  6  7  8  9 |
---------------+----------------------------+-----
Conjurations   | 1 2 3 4 6 |  6.1
Fighting       | 1 2 3 4 6 |  6.0
Earth Magic    | 4 5 6 7 |  7.8
Armour         | 1 2 3 4 |  4.3
Dodging        | 2 3 |  3.7
Stealth        | 3 4 5 |  5.1
Spellcasting   | 3 4 5 |  5.6
Transmutations | |  0.7

Action                   |  1- 3 |  4- 6 |  7- 9 || total
-------------------------+-------+-------+-------++-------
Melee: Dagger            |    71 |    74 |       ||   145
       Punch             |     3 |       |     7 ||    10
       Mace              |       |    67 |   260 ||   327
 Cast: Sandblast         |    33 |    20 |    13 ||    66
       Stone Arrow       |       |     5 |    56 ||    61
Evoke: Wand              |       |       |     7 ||     7
  Use: Scroll            |       |       |    11 ||    11
       Potion            |       |       |     5 ||     5
 Stab: Sleeping          |     2 |     3 |    11 ||    16
Armor: Robe              |    25 |    36 |    77 ||   138
       Leather armour    |       |       |    22 ||    22
Dodge: Dodged            |    68 |   122 |   274 ||   464
